 Dungeon Crawl Stone Soup version 0.21.1-1-g345015fe64 (webtiles) character file.

78061 PikkenKukken the Peltast (level 16, -25/118 HPs)
             Began as a Formicid Fighter on June 25, 2018.
             Was the Champion of Hepliaklqana.
             Killed from afar by Bai Suzhen (30 damage)
             ... with a torrent of water
             ... on level 2 of the Swamp.
             The game lasted 01:11:16 (24580 turns).

PikkenKukken the Peltast (Formicid Fighter)        Turns: 24580, Time: 01:11:16

Health: -25/118    AC: 27    Str: 34    XL:     16   Next: 7%
Magic:  23/23      EV:  7    Int:  9    God:    Hepliaklqana [******]
Gold:   800        SH: 17    Dex: 14    Spells: 15/15 levels left

rFire    . . .     SeeInvis +   a - +6 battleaxe (elec)
rCold    + + .     Gourm    .   M - +2 shield {AC+3}
rNeg     + . .     Faith    .   y - +0 crystal plate armour
rPois    +         Spirit   .   (helmet unavailable)
rElec    .         Reflect  .   (no cloak)
rCorr    .         Harm     .   (no gloves)
MR       +....                  w - +0 pair of boots
Stlth    ..........             U - amulet of magic regeneration
HPRegen  0.29/turn              L - ring "Fyidy" {+Fly rPois}
MPRegen  0.43/turn              E - ring "Zieloef" {rC++ rN+ Str+4 Stlth-}

@: mighty
A: permanent stasis, dig shafts and tunnels, four strong arms, reduced essence,
antennae 3, agile 1, screaming 1, wild magic 1
a: Dig, Shaft Self, Recall Ancestor, Ancestor Identity, Transference, Idealise,
Renounce Religion, Evoke Flight


You were on level 2 of the Swamp.
You worshipped Hepliaklqana.
Hepliaklqana was exalted by your worship.
You were not hungry.

You visited 4 branches of the dungeon, and saw 20 of its levels.
You also visited: Sewer, Ossuary and Ice Cave.

You collected 2079 gold pieces.
You spent 1279 gold pieces at shops.

Inventory:

Hand Weapons
 a - a +6 battleaxe of electrocution (weapon)
 b - a +0 longbow
 W - a +0 demon blade
Missiles
 g - 250 arrows
 h - 6 tomahawks of dispersal (quivered)
 m - 41 tomahawks
 n - 83 bolts
Armour
 k - a +0 cloak
 w - a +0 pair of boots (worn)
 y - a +0 crystal plate armour (worn)
 C - a +0 plate armour
 M - a +2 shield of protection (worn)
Jewellery
 c - an uncursed ring of protection from cold
 l - a +5 ring of dexterity
 q - an uncursed ring of stealth
 E - the ring "Zieloef" (right hand) {rC++ rN+ Str+4 Stlth-}
   (You bought it in a shop on level 1 of the Orcish Mines)

   [ring of positive energy]

   It affects your strength (+4).
   It greatly protects you from cold.
   It protects you from negative energy.
   It makes you less stealthy.
 F - a +1 ring of protection
 L - the ring "Fyidy" (left hand) {+Fly rPois}
   (You bought it in a shop on level 1 of the Orcish Mines)

   [ring of flight]

   It protects you from poison.
   It lets you fly.
 R - a -5 ring of evasion
 S - a +6 ring of strength
 T - a cursed -2 ring of slaying {unknown}
 U - an amulet of magic regeneration (around neck)
Wands
 x - a wand of flame (40)
 B - a wand of digging (12)
 D - a wand of disintegration (23)
 I - a wand of polymorph (43)
 J - a wand of random effects (41)
 N - a wand of clouds (6)
 P - a wand of iceblast (13)
 V - a wand of acid (11)
 X - a wand of paralysis (12)
Scrolls
 e - 3 scrolls of remove curse
 t - 3 scrolls of fear
 u - 5 scrolls of amnesia
 z - a scroll of magic mapping
 A - 4 scrolls of fog
 K - 2 scrolls of identify
Potions
 d - 6 potions of might
 i - 3 potions of agility
 j - a potion of magic
 o - 9 potions of curing
 r - 6 potions of flight
 s - 5 potions of resistance
 G - a potion of brilliance
Books
 p - a book of Changes

   Spells                             Type                      Level
   a - Beastly Appendage              Transmutation                1
   b - Sticks to Snakes               Transmutation                2
   c - Spider Form                    Transmutation/Poison         3
   d - Ice Form                       Ice/Transmutation            4
   e - Blade Hands                    Transmutation                5
 v - a book of Conjurations

   Spells                             Type                      Level
   a - Magic Dart                     Conjuration                  1
   b - Searing Ray                    Conjuration                  2
   c - Dazzling Spray                 Conjuration/Hexes            3
   d - Fulminant Prism                Conjuration/Hexes            4
   e - Force Lance                    Conjuration/Translocation    4
   f - Iskenderun's Mystic Blast      Conjuration                  4
 H - a Young Poisoner's Handbook

   Spells                             Type                      Level
   a - Sting                          Conjuration/Poison           1
   b - Poisonous Vapours              Poison/Air                   2
   c - Mephitic Cloud                 Conjuration/Poison/Air       3
   d - Olgreb's Toxic Radiance        Poison                       4
   e - Venom Bolt                     Conjuration/Poison           5
 O - a book of Transfigurations

   Spells                             Type                      Level
   a - Irradiate                      Conjuration/Transmutation    5
   b - Statue Form                    Transmutation/Earth          6
   c - Hydra Form                     Transmutation                6
   d - Dragon Form                    Transmutation                7
 Q - a book of Fire

   Spells                             Type                      Level
   a - Ignite Poison                  Fire/Transmutation/Poison    3
   b - Fireball                       Conjuration/Fire             5
   c - Bolt of Fire                   Conjuration/Fire             6
   d - Ring of Flames                 Charms/Fire                  7
   e - Ignition                       Fire                         8
Comestibles
 f - 22 rations


   Skills:
 + Level 13.8 Fighting
 + Level 13.1 Axes
 - Level 5.0 Bows
 + Level 13.6 Armour
 - Level 0.1 Stealth
 + Level 15.0 Shields
 - Level 10.0 Invocations


You had 15 spell levels left.
You didn't know any spells.

Dungeon Overview and Level Annotations

Branches:
Dungeon (10/15)            Temple (0/1) D:5            Lair (6/6) D:9
  Swamp (3/4) Lair:3        Snake (0/4) Lair:3        Slime (0/5) Lair:6
    Orc (1/2) D:10

Altars:
Ashenzari
Fedhas
Hepliaklqana
Nemelex Xobeh
Ru
Sif Muna
Trog
Uskayaw
Jiyva

Shops:
D:5 [   D:6 *   D:7 *   Orc:1 *[=

Annotations:
D:6 exclusion: player ghost
Swamp:2 Bai Suzhen


Innate Abilities, Weirdness & Mutations

You cannot be hasted, slowed, berserked, paralysed or teleported.
You can dig through walls and to a lower floor.
Your four strong arms can wield two-handed weapons with a shield.
You have a pair of large antennae on your head. (SInv)
Your life essence is reduced to manifest your ancestor. (-10% HP)
You are agile. (Dex +2)
You occasionally shout uncontrollably at your foes.
Your spells are a little harder to cast, but a little more powerful.


Message History

There is a stone staircase leading down here.
You feel better.
You closely miss Bai Suzhen.
Bai Suzhen is heavily wounded.
You block Bai Suzhen's attack.
Bai Suzhen tail-slaps you but does no damage.
You hit Bai Suzhen.
Bai Suzhen is heavily wounded.
Bai Suzhen closely misses you.
Bai Suzhen tail-slaps you but does no damage.
You slice Bai Suzhen like a ripe choko!!!
You hear a splash. x2
Bai Suzhen roars in fury and transforms into a fierce dragon!
A violent storm begins to rage around Bai Suzhen.
Bai Suzhen is severely wounded.
You are standing in a thunderstorm.
You are struck by lightning!
* * * LOW HITPOINT WARNING * * *
Bai Suzhen breathes water at you. The torrent of water hits you!
You die...

.........≈≈≈.♣♣ ♣♣§.≈≈..≈≈.♣♣♣.≈≈
♣≈..≈≈≈.♣♣♣♣♣♣ ♣...≈≈.≈≈.≈♣♣...
♣.≈≈≈≈≈.♣ ♣♣♣....♣♣♣♣♣♣...
.≈≈≈..♣♣♣♣♣♣♣ ♣♣♣≈♣♣ ♣≈..≈
..≈≈.♣♣♣♣..≈♣♣ ♣♣♣ ♣.≈.≈ ≈≈≈≈♣♣
♣.≈≈..♣♣ ♣♣♣♣ ♣...§ ♣≈...♣
♣.≈≈≈..♣♣♣♣§.♣ ♣♣♣♣♣§ ♣♣.≈.♣
♣.≈≈≈....♣D§.♣ ♣♣≈♣♣≈. ♣♣).♣♣
♣♣...≈.≈.@§§.♣ ♣♣♣≈.♣♣.≈ ♣♣♣♣♣
♣≈§≈..§≈.≈≈≈♣ ♣♣.......≈ .♣
♣≈≈≈.♣≈≈≈≈≈.♣ ♣.≈≈≈≈≈≈≈. .♣
♣♣♣.≈≈...≈≈≈≈.♣♣♣♣.≈≈≈≈≈≈≈.
♣♣♣♣♣♣♣..§≈≈..≈..≈≈...≈≈.........
≈≈...≈≈≈≈≈≈≈≈♣♣♣≈...≈≈≈.....≈≈..♣
.≈≈≈≈≈≈≈≈≈≈.♣♣♣♣♣♣≈.≈≈..≈..♣♣♣≈.♣
..≈≈≈≈≈≈≈≈....♣ ♣§..≈.≈♣♣♣♣ ♣♣♣♣
.....≈..<÷≈≈≈.♣ ♣.≈≈..♣♣♣♣♣♣♣♣♣♣


You could see Bai Suzhen.

Vanquished Creatures
  A thorn hunter (Swamp:2)
  Kirke (Lair:4)
  A frost giant (IceCv)
  A dire elephant (Lair:6)
  6 hydras
  A merfolk avatar (Lair:6)
  2 centaur warriors
  2 alligators (Swamp:1)
  A death yak (Lair:4)
  An orc high priest (D:10)
  2 two-headed ogres
  The ghost of imnir the Basher, a novice TrFi of the Shining One (D:6)
  6 spriggans
  A sea snake (Lair:6)
  An unseen horror (D:10)
  4 swamp dragons
  Pikel (D:7)
  2 shambling mangroves (Swamp:2)
  An orc knight (Orc:1)
  A manticore (Lair:6)
  13 elephants
  An ice statue (IceCv)
  A centaur zombie (D:10)
  5 black mambas
  11 spiny frogs
  2 gargoyles
  4 rime drakes
  6 komodo dragons
  22 polar bears
  14 hornets
  3 tyrant leeches
  2 trolls (D:10)
  6 hippogriffs
  5 blink frogs
  2 bog bodies (Swamp:1)
  9 dream sheep (Lair:5)
  6 wyverns
  A wraith (D:9)
  34 yaks
  4 hogs (Lair:4)
  A basilisk (Lair:5)
  4 vampire mosquitoes (Swamp:2)
  2 soldier ants (D:8)
  8 swamp worms
  2 nagas (Lair:3)
  5 wargs
  9 water moccasins
  11 porcupines
  17 orc warriors
  2 swamp drakes
  2 ice beasts
  2 slaves (D:7)
  2 phantoms
  2 sky beasts
  3 ogres
  A black bear (D:9)
  8 wolves
  3 centaurs
  11 crocodiles
  A big kobold (D:8)
  11 bullfrogs
  2 water moccasin zombies
  2 scorpions
  4 wights (D:6)
  3 killer bees (D:8)
  3 crimson imps
  A quasit (D:9)
  2 bullfrog skeletons
  2 jellies
  2 hounds (D:9)
  6 orc priests
  A centaur skeleton (D:10)
  5 iguanas
  12 orc wizards
  6 worker ants
  2 big kobold zombies (Ossuary)
  A hound zombie (D:9)
  A hound skeleton (D:6)
  3 mummies
  3 worker ant zombies
  A howler monkey zombie (D:9)
  7 gnolls
  22 adders
  2 shadow imps (D:6)
  An adder zombie (Ossuary)
  3 worms
  3 dart slugs
  6 leopard geckos
  48 orcs
  5 giant cockroaches
  5 goblins
  5 hobgoblins
  13 jackals
  15 kobolds
  5 ball pythons
  9 bats
  10 frilled lizards
  2 goblin zombies (Ossuary)
  9 hobgoblin zombies (Ossuary)
  2 jackal zombies
  8 kobold zombies (Ossuary)
  7 orc zombies (Ossuary)
  A quokka skeleton (D:9)
  7 rats
  2 rat zombies (Ossuary)
  6 briar patches (Swamp:2)
  5 fungi
  6 plants
571 creatures vanquished.

Vanquished Creatures (collateral kills)
  5 hydras
  A two-headed ogre (D:6)
  2 swamp dragons (Swamp:3)
  3 elephants
  A black mamba (Lair:3)
  2 spiny frogs
  A polar bear (IceCv)
  A wind drake (Lair:6)
  A hornet (Swamp:2)
  A blink frog (Lair:3)
  2 hippogriffs
  A dream sheep (Lair:5)
  A bog body (Swamp:1)
  A spriggan (Swamp:1)
  4 yaks
  A basilisk (Lair:6)
  2 hungry ghosts
  4 swamp worms
  A warg (D:10)
  A water moccasin (Lair:6)
  2 swamp drakes
  A porcupine (Lair:4)
  3 orc warriors (D:10)
  A black bear (D:6)
  An eye of draining (D:9)
  An ogre (D:10)
  6 wolves
  2 crocodiles
  A bullfrog (D:7)
  A wight (D:6)
  A crimson imp (D:5)
  A hound (D:9)
  An orc priest (D:10)
  A hound zombie (D:6)
  3 adders
  A shadow imp (D:6)
  A worm (D:3)
  6 orcs
  A hobgoblin (D:3)
  3 jackals
  2 quokkas
  3 hobgoblin zombies (Ossuary)
  4 kobolds
  An orc zombie (Ossuary)
  A quokka zombie (D:6)
  2 rats (D:2)
  2 fungi
  2 plants
91 creatures vanquished.

Vanquished Creatures (others)
  An ogre (D:4)
  A big kobold (D:7)
  14 hexers
  An ancestor (Ossuary)
  An adder zombie (D:7)
  2 jackals (D:7)
  2 kobolds (D:7)
  41 fungi
  20 plants
83 creatures vanquished.

Grand Total: 745 creatures vanquished

Notes
Turn   | Place    | Note
-------+----------+-------------------------------------------
     0 | D:1      | PikkenKukken the Formicid Fighter began the quest for the Orb.
     0 | D:1      | Reached XP level 1. HP: 18/18 MP: 1/1
   164 | D:1      | Reached XP level 2. HP: 24/24 MP: 2/2
   287 | D:1      | Reached skill level 4 in Shields
   556 | D:1      | Reached XP level 3. HP: 29/29 MP: 3/3
   908 | D:2      | Found a hide-covered altar of Uskayaw.
  1041 | D:2      | Reached XP level 4. HP: 11/36 MP: 4/4
  1330 | D:2      | Found a hazy altar of Hepliaklqana.
  1371 | D:2      | Became a worshipper of Hepliaklqana the Forgotten
  1415 | D:2      | Found a bloodstained altar of Trog.
  1738 | D:3      | Reached XP level 5. HP: 29/37 MP: 5/5
  2274 | D:3      | Found a sacrificial altar of Ru.
  2346 | D:3      | Found a blossoming altar of Fedhas.
  2600 | D:4      | Reached * piety under Hepliaklqana
  2670 | D:4      | Reached XP level 6. HP: 43/43 MP: 6/6
  2705 | D:4      | Reached skill level 5 in Shields
  2797 | D:4      | Killed an ogre
  3329 | D:4      | Found a sand-covered staircase.
  3338 | Ossuary  | Entered an ossuary
  3400 | Ossuary  | Reached XP level 7. HP: 49/49 MP: 7/7
  3460 | Ossuary  | Reached skill level 5 in Axes
  3681 | Ossuary  | Gained mutation: Your flesh is heat resistant. (rF+) [potion of mutation]
  3681 | Ossuary  | Gained mutation: Your flesh is very heat resistant. (rF++) [potion of mutation]
  3682 | Ossuary  | Lost mutation: Your flesh is very heat resistant. (rF++) [potion of mutation]
  3682 | Ossuary  | Lost mutation: Your flesh is heat resistant. (rF+) [potion of mutation]
  3682 | Ossuary  | Gained mutation: You occasionally shout uncontrollably at your foes. [potion of mutation]
  3682 | Ossuary  | Gained mutation: Your spells are a little harder to cast, but a little more powerful. [potion of mutation]
  3682 | Ossuary  | Gained mutation: You are agile. (Dex +2) [potion of mutation]
  4065 | D:5      | Entered Level 5 of the Dungeon
  4066 | D:5      | Reached ** piety under Hepliaklqana
  4380 | D:5      | Reached skill level 5 in Fighting
  4380 | D:5      | Reached skill level 6 in Shields
  4597 | D:5      | Found Cerir's Armour Boutique.
  4700 | D:5      | Found a staircase to the Ecumenical Temple.
  4738 | D:5      | Noticed a hungry ghost
  4748 | D:5      | Killed a hungry ghost
  4748 | D:5      | Reached XP level 8. HP: 55/55 MP: 8/8
  4820 | D:5      | Reached skill level 5 in Armour
  5137 | D:6      | Found Deroyklym's Assorted Antiques.
  5146 | D:6      | Bought a scroll of identify for 42 gold pieces
  5324 | D:6      | Reached skill level 7 in Shields
  5384 | D:6      | Found a glowing drain.
  5403 | Sewer    | Entered a sewer
  6034 | D:6      | Remembered your ancestor Septimus as a hexer
  6087 | D:6      | Noticed a two-headed ogre
  6111 | D:6      | Killed a two-headed ogre
  6111 | D:6      | Reached XP level 9. HP: 17/63 MP: 9/9
  6400 | D:6      | Noticed imnir's ghost (novice TrFi)
  6419 | D:6      | Killed imnir's ghost
  6419 | D:6      | Reached skill level 8 in Shields
  6526 | D:6      | Found a sparkling altar of Nemelex Xobeh.
  6712 | D:6      | Found a deep blue altar of Sif Muna.
  6739 | D:6      | Reached XP level 10. HP: 64/71 MP: 10/10
  6851 | D:7      | Got a pitted long sword
  6875 | D:7      | Noticed Pikel
  6880 | D:7      | Killed Pikel
  6886 | D:7      | Reached *** piety under Hepliaklqana
  7190 | D:7      | Identified the cursed +1 long sword "Akovifir" {drain, rN+} (You found it on level 7 of the Dungeon)
  7281 | D:7      | Found Obittuap's General Store.
  7724 | D:8      | Noticed a centaur warrior
  7789 | D:8      | Noticed a two-headed ogre
  7807 | D:8      | Killed a two-headed ogre
  7807 | D:8      | Reached skill level 5 in Bows
  8077 | D:8      | Noticed a gargoyle
  8077 | D:8      | Killed a centaur warrior
  8077 | D:8      | Reached skill level 9 in Shields
  8432 | D:8      | HP: 1/72 [gargoyle/stone arrow (5)]
  8440 | D:7      | Killed a gargoyle
  8440 | D:7      | Reached XP level 11. HP: 3/78 MP: 11/11
  9457 | D:9      | Reached skill level 1 in Invocations
  9635 | D:9      | Found a shattered altar of Ashenzari.
  9657 | D:9      | Noticed a two-headed ogre
  9666 | D:9      | Killed a two-headed ogre
  9666 | D:9      | Reached skill level 10 in Shields
  9782 | D:9      | Noticed a centaur warrior
  9805 | D:9      | Killed a centaur warrior
  9834 | D:9      | Noticed a tengu warrior
  9834 | D:9      | Noticed a death knight
  9861 | D:10     | Entered Level 10 of the Dungeon
 10058 | D:10     | Noticed an unseen horror
 10066 | D:10     | Killed an unseen horror
 10186 | D:10     | Found a staircase to the Orcish Mines.
 10198 | D:10     | Reached skill level 5 in Invocations
 10557 | D:10     | Reached **** piety under Hepliaklqana
 10564 | Orc:1    | Entered Level 1 of the Orcish Mines
 10564 | Orc:1    | Found Fuix's Jewellery Boutique.
 10719 | D:10     | Reached XP level 12. HP: 80/86 MP: 16/16
 10995 | Orc:1    | Noticed an orc high priest
 11098 | Orc:1    | Noticed a sixfirhy
 11228 | D:10     | Killed an orc high priest
 11433 | Orc:1    | Bought the ring "Fyidy" {+Fly rPois} for 373 gold pieces
 11672 | Orc:1    | Reached skill level 11 in Shields
 11675 | Orc:1    | Reached skill level 10 in Fighting
 11888 | Orc:1    | Found Torhuni's Antique Armour Emporium.
 11904 | Orc:1    | Found Neohagie's Assorted Antiques.
 11907 | Orc:1    | Bought a glowing shield for 195 gold pieces
 12384 | D:9      | Reached skill level 10 in Armour
 12499 | D:9      | Found a staircase to the Lair.
 13051 | Lair:1   | Entered Level 1 of the Lair of Beasts
 13058 | Lair:1   | Reached skill level 10 in Axes
 13292 | Lair:1   | Reached XP level 13. HP: 92/93 MP: 17/17
 13688 | Orc:1    | Bought the ring "Zieloef" {rC++ rN+ Str+4 Stlth-} for 669 gold pieces
 13831 | Lair:2   | Reached skill level 12 in Shields
 13868 | Lair:2   | Found a frozen archway.
 13879 | IceCv    | Entered an ice cave
 14461 | IceCv    | Noticed a frost giant
 14476 | IceCv    | Killed a frost giant
 15089 | Lair:2   | Reached ***** piety under Hepliaklqana
 15090 | Lair:2   | Noticed a five-headed hydra
 15103 | Lair:2   | Killed a 15-headed hydra
 15992 | Lair:3   | Reached skill level 13 in Shields
 16145 | Lair:3   | Reached XP level 14. HP: 93/102 MP: 18/18
 16303 | Lair:3   | Found a staircase to the Swamp.
 16388 | Lair:3   | Found a staircase to the Snake Pit.
 16904 | Lair:4   | Noticed Kirke
 16917 | Lair:4   | Killed Kirke
 19135 | Lair:6   | Entered Level 6 of the Lair of Beasts
 19135 | Lair:6   | Reached ****** piety under Hepliaklqana
 19389 | Lair:6   | Reached skill level 14 in Shields
 19477 | Lair:6   | Reached XP level 15. HP: 99/109 MP: 21/21
 20336 | Lair:6   | Found the +7 longbow "Piercer" {penet, EV-2}
 20385 | Lair:6   | Found a staircase to the Slime Pits.
 20385 | Lair:6   | Found a viscous altar of Jiyva.
 21116 | Swamp:1  | Entered Level 1 of the Swamp
 22503 | Swamp:2  | Noticed a thorn hunter
 22522 | Swamp:2  | Killed a thorn hunter
 23139 | Swamp:2  | Reached skill level 10 in Invocations
 24088 | Swamp:2  | Reached skill level 15 in Shields
 24088 | Swamp:2  | Reached XP level 16. HP: 91/118 MP: 23/23
 24430 | Swamp:3  | Noticed Bai Suzhen
 24580 | Swamp:2  | HP: 4/118 [Bai Suzhen] (13)]
 24580 | Swamp:2  | Killed from afar by Bai Suzhen

Skill      XL: |  1  2  3  4  5  6  7  8  9 10 11 12 13 14 15 |
---------------+----------------------------------------------+-----
Shields        | 4 5 6 7 8 9 10 11 13 14 15 | 15.0
Axes           | 3 4 5 6 7 8 9 10 11 12 13 | 13.1
Fighting       | 4 5 6 7 8 9 10 11 12 13 | 13.8
Armour         | 4 6 8 9 10 11 12 13 | 13.6
Bows           | 2 3 5 |  5.0
Invocations    | 5 6 8 10 | 10.0
Stealth        | |  0.1

Action                   |  1- 3 |  4- 6 |  7- 9 | 10-12 | 13-15 | 16-18 || total
-------------------------+-------+-------+-------+-------+-------+-------++-------
Melee: War axe           |   121 |   192 |   140 |       |       |       ||   453
       Battleaxe         |       |       |   118 |   458 |   621 |    27 ||  1224
 Fire: Shortbow          |       |       |     7 |    47 |       |       ||    54
       Longbow           |       |       |       |    21 |    96 |    15 ||   132
Throw: Tomahawk          |       |     1 |       |       |       |       ||     1
Invok: Recall Ancestor   |       |       |     1 |       |       |       ||     1
       Ancestor Life: He |       |       |     1 |       |       |       ||     1
 Abil: Dig               |       |       |     1 |       |       |       ||     1
  Use: Scroll            |     4 |     5 |     9 |     5 |     8 |       ||    31
       Potion            |     2 |     5 |     2 |     2 |     4 |     2 ||    17
 Stab: Distracted        |       |       |     3 |     7 |     8 |     1 ||    19
       Confused          |       |       |       |     5 |     3 |     1 ||     9
       Invisible         |       |       |       |       |     1 |       ||     1
       Paralysed         |       |       |       |       |     5 |     5 ||    10
  Eat: Chunk             |     1 |     7 |     5 |    11 |    15 |       ||    39
       Ration            |       |       |     3 |     3 |     6 |     1 ||    13
Armor: Scale mail        |    17 |       |       |       |       |       ||    17
       Chain mail        |    50 |   110 |   139 |     5 |       |       ||   304
       Plate armour      |       |       |       |   179 |       |       ||   179
       Crystal plate arm |       |       |       |    32 |   604 |    55 ||   691
Dodge: Dodged            |    32 |    54 |    63 |   133 |   177 |    13 ||   472
Block: Shield            |    79 |   107 |   150 |   338 |   680 |    49 ||  1403
